 Dungeon Crawl Stone Soup version 0.21.1-1-g345015fe64 (webtiles) character file.

20595 Lentor the Bludgeoner (level 12, -3/112 HPs)
             Began as a Minotaur Berserker on June 29, 2018.
             Was a High Priest of Trog.
             Killed from afar by a lindwurm (18 damage)
             ... with a blast of flame
             ... on level 3 of the Lair of Beasts on June 30, 2018.
             The game lasted 00:23:47 (10791 turns).

Lentor the Bludgeoner (Minotaur Berserker)         Turns: 10791, Time: 00:23:47

Health: -3/112     AC: 21    Str: 22    XL:     12   Next: 46%
Magic:  3/3        EV: 13    Int:  4    God:    Trog [*****.]
Gold:   1200       SH:  0    Dex: 18    Spells: 11/11 levels left

rFire    . . .     SeeInvis .   F - +2 great mace (antimagic)
rCold    + . .     Gourm    .   (shield currently unavailable)
rNeg     . . .     Faith    .   J - +4 chain mail {rC+}
rPois    .         Spirit   .   E - +0 hat
rElec    .         Reflect  .   D - +2 cloak
rCorr    .         Harm     .   (no gloves)
MR       +....                  P - +1 pair of boots (curse)
Stlth    ..........             q - amulet of regeneration
HPRegen  0.68/turn              A - ring of protection from magic
MPRegen  0.08/turn              p - +3 ring of dexterity

@: no status effects
A: retaliatory headbutt, horns 2
a: Berserk, Trog's Hand, Brothers in Arms, Burn Spellbooks, Renounce Religion


You were on level 3 of the Lair of Beasts.
You worshipped Trog.
Trog was extremely pleased with you.
You were not hungry.

You visited 3 branches of the dungeon, and saw 14 of its levels.
You also visited: Sewer and Bailey.

You collected 1200 gold pieces.

Inventory:

Hand Weapons
 F - a +2 antimagic great mace (weapon)
Armour
 y - a +2 shield of fire resistance
 D - a +2 cloak (worn)
 E - a +0 hat (worn)
 J - a +4 chain mail of cold resistance (worn)
 P - a cursed +1 pair of boots (worn)
Jewellery
 g - an uncursed ring of protection from fire
 p - a +3 ring of dexterity (right hand)
 q - an amulet of regeneration (around neck)
 s - an uncursed ring of see invisible
 A - a ring of protection from magic (left hand)
 Q - an uncursed ring of stealth {unknown}
 S - an uncursed amulet of magic regeneration
Wands
 j - a wand of random effects (15)
 m - a wand of digging (18)
 v - a wand of clouds (12)
 w - a wand of flame (84)
 z - a wand of scattershot (12)
 C - a wand of iceblast (16)
 O - a wand of polymorph (32)
Scrolls
 a - 4 scrolls of fear {unknown}
 d - 3 scrolls of magic mapping
 i - 10 scrolls of remove curse
 n - 8 scrolls of teleportation
 t - 2 scrolls of immolation
 H - a scroll of identify
Potions
 b - 8 potions of curing
 e - a potion of haste
 f - 4 potions of lignification
 k - 2 potions of resistance
 l - 7 potions of brilliance
 o - 3 potions of flight
 r - a potion of heal wounds
 u - 6 potions of might
 x - a potion of berserk rage
 B - a potion of ambrosia
 G - 3 potions of magic
 I - a potion of agility {unknown}
 L - a potion of experience {unknown}
 R - a potion of mutation {unknown}
Comestibles
 c - 21 rations


   Skills:
 + Level 12.2 Fighting
 + Level 17.1 Maces & Flails
 + Level 10.3 Armour
 + Level 7.4 Dodging


You had 11 spell levels left.
You didn't know any spells.

Dungeon Overview and Level Annotations

Branches:
Dungeon (10/15)            Temple (1/1) D:5            Lair (3/6) D:9
  Swamp: Lair:2-4    Shoals: Lair:2-4     Snake: Lair:2-4    Spider: Lair:2-4
    Orc: D:9-12

Altars:
Ashenzari
Cheibriados
Dithmenos
Elyvilon
Fedhas
Gozag
Hepliaklqana
Kikubaaqudgha
Makhleb
Nemelex Xobeh
Okawaru
Qazlal
Ru
Sif Muna
Trog
Uskayaw
Vehumet
Wu Jian
Xom
Yredelemnul
Zin
The Shining One

Shops:
D:10 %

Annotations:
D:5 2 transporters


Innate Abilities, Weirdness & Mutations

You reflexively headbutt those who attack you in melee.
You have a pair of horns on your head.


Message History

Trog accepts your kill.
No target in view!
A lindwurm comes into view.
The lindwurm roars!
The lindwurm breathes flames at you. The blast of flame hits you!
The lindwurm breathes flames at you. The blast of flame hits you!
The lindwurm breathes flames at you. The blast of flame hits you!
* * * LOW HITPOINT WARNING * * *
There is a collapsed entrance here.
You are too injured to fight recklessly!
You are too injured to fight recklessly!
The lindwurm breathes flames at you. The blast of flame hits you!
* * * LOW HITPOINT WARNING * * *
The lindwurm breathes flames at you. The blast of flame hits you!
You die...

....#.########..........###
.....## ##...........# ###.##
#.P.#######.## #..## ##...P#
##..## #.#.# ###.## #....#
#..## #.# #.#.## ###.## ###
###.# #....# #############.#
.....#########..@....#...#.##
(....##........≈≈≈≈≈†..#...P#
.....##§≈≈..≈≈≈≈...≈≈≈≈#...##
#....##§.≈≈≈≈k.........#....#
.....###......########...####
#....# #####.## ##### ##.###
### ##


You could see a lindwurm.

Vanquished Creatures
  An orc warlord (Bailey)
  A hydra (Lair:3)
  A two-headed ogre (D:8)
  3 death yaks (D:9)
  Erica (D:8)
  Pikel (D:5)
  2 orc knights (Bailey)
  Maurice (D:8)
  5 spiny frogs
  3 komodo dragons
  A dream sheep (Lair:3)
  5 blink frogs (Lair:3)
  Sigmund (D:2)
  2 hippogriffs
  A human (D:7)
  A basilisk (Lair:3)
  6 yaks (D:10)
  Eustachio (D:5)
  Grum (D:8)
  2 steam dragons
  A hungry ghost (D:10)
  4 hogs (D:7)
  8 water moccasins
  Duvessa (D:6)
  5 orc warriors (Bailey)
  5 porcupines
  An eye of draining (D:10)
  2 ice beasts
  3 slaves (D:5)
  4 ogres
  7 wolves
  The ghost of exaltech the Conjurer, an amateur DrCj (D:4)
  5 centaurs
  7 crocodiles
  A big kobold (D:10)
  A gnoll sergeant (D:10)
  15 bullfrogs
  Dowan (D:6)
  A wyvern skeleton (D:6)
  9 wights
  2 howler monkeys
  5 crimson imps
  3 centaur zombies
  A bullfrog zombie (D:9)
  8 hounds
  A jelly (D:10)
  A quasit (D:8)
  A bullfrog skeleton (D:5)
  11 orc priests
  Terence (D:2)
  8 orc wizards
  5 worker ants
  4 iguanas
  15 gnolls
  16 adders
  2 oozes
  2 adder skeletons
  4 dart slugs
  8 leopard geckos
  38 orcs
  6 giant cockroaches
  21 goblins
  20 hobgoblins
  19 jackals
  13 kobolds
  3 quokkas
  7 ball pythons
  7 bats
  8 frilled lizards
  A jackal skeleton (D:6)
  A leopard gecko skeleton (D:5)
  A quokka zombie (D:5)
  8 rats
  A fungus (D:7)
374 creatures vanquished.

Vanquished Creatures (collateral kills)
  5 orc warriors (Bailey)
  A gnoll (Bailey)
  2 goblins (Bailey)
  A hobgoblin (Bailey)
9 creatures vanquished.

Vanquished Creatures (others)
  A bush (Lair:3)
  A fungus (Lair:3)
  2 plants (Lair:3)
4 creatures vanquished.

Grand Total: 387 creatures vanquished

Notes
Turn   | Place    | Note
-------+----------+-------------------------------------------
     0 | D:1      | Lentor the Minotaur Berserker began the quest for the Orb.
     0 | D:1      | Reached XP level 1. HP: 19/19 MP: 0/0
    38 | D:1      | Reached skill level 4 in Maces & Flails
    38 | D:1      | Reached XP level 2. HP: 12/27 MP: 1/1
   478 | D:1      | Reached ** piety under Trog
   481 | D:1      | Reached XP level 3. HP: 29/33 MP: 2/2
   885 | D:2      | Noticed Sigmund
   894 | D:2      | Killed Sigmund
   894 | D:2      | Reached skill level 5 in Fighting
   894 | D:2      | Reached skill level 5 in Maces & Flails
   894 | D:2      | Reached XP level 4. HP: 38/42 MP: 3/3
   894 | D:2      | Reached XP level 5. HP: 43/48 MP: 4/4
  1042 | D:2      | Found a sparkling altar of Nemelex Xobeh.
  1043 | D:2      | Found a bloodstained altar of Trog.
  1043 | D:2      | Found a snail-covered altar of Cheibriados.
  1044 | D:2      | Found a burning altar of Makhleb.
  1044 | D:2      | Found a radiant altar of Vehumet.
  1135 | D:2      | Noticed Terence
  1147 | D:2      | Killed Terence
  1147 | D:2      | Reached skill level 6 in Maces & Flails
  1596 | D:3      | Reached XP level 6. HP: 55/56 MP: 5/5
  1689 | D:3      | Reached *** piety under Trog
  1908 | D:3      | Received a gift from Trog
  2236 | D:4      | Noticed exaltech's ghost (amateur DrCj)
  2249 | D:4      | Killed exaltech's ghost
  2279 | D:4      | Found a glowing drain.
  2294 | Sewer    | Entered a sewer
  2846 | D:4      | Reached **** piety under Trog
  2894 | D:4      | Reached skill level 7 in Maces & Flails
  3110 | D:4      | Reached XP level 7. HP: 50/61 MP: 6/6
  3243 | D:5      | Entered Level 5 of the Dungeon
  3269 | D:5      | Found a transporter.
  3275 | D:5      | Noticed a basilisk
  3275 | D:5      | Found a transporter.
  3285 | D:5      | Found a glowing golden altar of the Shining One.
  3286 | D:5      | Noticed a vampire
  3541 | D:5      | Noticed Eustachio
  3549 | D:5      | Killed Eustachio
  3549 | D:5      | Reached skill level 8 in Maces & Flails
  3549 | D:5      | Reached skill level 5 in Armour
  3663 | D:5      | Found a staircase to the Ecumenical Temple.
  3692 | D:5      | Reached XP level 8. HP: 65/70 MP: 7/7
  3694 | Temple   | Entered the Ecumenical Temple
  4028 | D:5      | Noticed Pikel
  4047 | D:5      | Killed Pikel
  4047 | D:5      | Reached skill level 9 in Maces & Flails
  4635 | D:6      | Noticed Duvessa
  4637 | D:6      | Noticed Dowan
  4649 | D:6      | Killed Duvessa
  4650 | D:6      | Killed Dowan
  4650 | D:6      | Reached skill level 10 in Maces & Flails
  4877 | D:6      | Reached XP level 9. HP: 67/79 MP: 8/8
  5234 | D:6      | Found a deep blue altar of Sif Muna.
  5305 | D:6      | Reached ***** piety under Trog
  5427 | D:7      | Reached skill level 11 in Maces & Flails
  5433 | D:7      | Reached skill level 5 in Dodging
  5624 | D:7      | Reached skill level 12 in Maces & Flails
  6006 | D:8      | Noticed a two-headed ogre
  6013 | D:8      | Killed a two-headed ogre
  6013 | D:8      | Reached XP level 10. HP: 91/91 MP: 9/9
  6133 | D:8      | Noticed Grum
  6148 | D:8      | Killed Grum
  6150 | D:8      | Received a gift from Trog
  6173 | D:8      | Noticed Erica
  6181 | D:8      | Killed Erica
  6181 | D:8      | Reached skill level 13 in Maces & Flails
  6552 | D:8      | Noticed Maurice
  6571 | D:8      | Killed Maurice
  6778 | D:9      | Found a flagged portal.
  6807 | Bailey   | Entered a bailey
  6875 | Bailey   | Reached skill level 10 in Fighting
  7031 | Bailey   | Noticed an orc knight
  7035 | Bailey   | Noticed an orc knight
  7052 | Bailey   | Killed an orc knight
  7058 | Bailey   | Killed an orc knight
  7058 | Bailey   | Reached skill level 14 in Maces & Flails
  7058 | Bailey   | Reached XP level 11. HP: 80/100 MP: 10/10
  7165 | Bailey   | Noticed an orc warlord
  7193 | Bailey   | Killed an orc warlord
  7196 | Bailey   | Received a gift from Trog
  7325 | D:9      | Noticed a death yak
  7327 | D:9      | Found a staircase to the Lair.
  7329 | D:9      | Noticed a death yak
  7329 | D:9      | Noticed a death yak
  7337 | D:9      | Killed a death yak
  7342 | D:9      | Killed a death yak
  7350 | D:9      | Killed a death yak
  7350 | D:9      | Reached skill level 15 in Maces & Flails
  7726 | D:10     | Entered Level 10 of the Dungeon
  7911 | D:10     | Found Buta's Food Boutique.
  8299 | Lair:1   | Entered Level 1 of the Lair of Beasts
  8310 | Lair:1   | Received a gift from Trog
  8442 | Lair:1   | Reached skill level 16 in Maces & Flails
  8975 | Lair:1   | Reached XP level 12. HP: 100/110 MP: 3/11
  9645 | Lair:2   | Identified a scroll of acquirement
 10164 | Lair:3   | Reached skill level 10 in Armour
 10421 | Lair:3   | Noticed a six-headed hydra
 10430 | Lair:3   | Killed a six-headed hydra
 10430 | Lair:3   | Reached skill level 17 in Maces & Flails
 10791 | Lair:3   | Killed from afar by a lindwurm

Skill      XL: |  1  2  3  4  5  6  7  8  9 10 11 12 |
---------------+-------------------------------------+-----
Maces & Flails | 4 5 6 7 8 10 12 14 16 17 | 17.1
Fighting       | 4 5 6 7 9 10 11 12 | 12.2
Armour         | 3 4 5 6 8 9 10 | 10.3
Dodging        | 3 4 5 6 7 |  7.4

Action                   |  1- 3 |  4- 6 |  7- 9 | 10-12 || total
-------------------------+-------+-------+-------+-------++-------
Melee: Mace              |    47 |   153 |   248 |   253 ||   701
       Headbutt          |     5 |    21 |    60 |   106 ||   192
       Great mace        |       |       |       |   250 ||   250
Invok: Berserk           |     1 |     1 |     5 |     7 ||    14
       Brothers in Arms  |       |       |       |     2 ||     2
       Burn Spellbooks   |       |       |       |     3 ||     3
  Use: Scroll            |       |     1 |    12 |    13 ||    26
  Eat: Chunk             |       |     9 |     8 |    17 ||    34
       Ration            |       |       |     2 |     2 ||     4
Armor: Animal skin       |     1 |       |       |       ||     1
       Ring mail         |     4 |    52 |    57 |    41 ||   154
       Chain mail        |       |       |       |   126 ||   126
Dodge: Dodged            |    22 |   111 |   160 |   263 ||   556
